 Dungeon Crawl Stone Soup version 0.18.1-50-g88ac8fd (webtiles) character file.

526 thewizardguy the Shield-Bearer (level 7, -7/60 HPs)
             Began as a Minotaur Fighter on Oct 3, 2016.
             Mangled by thewizardguy's ghost (16 damage)
             ... on level 4 of the Dungeon.
             The game lasted 00:20:48 (4064 turns).

thewizardguy the Shield-Bearer (Minotaur Fighter)   Turns: 4064, Time: 00:20:49

Health: -7/60      AC: 13    Str: 22    XL:     7   Next: 2%
Magic:  6/6        EV:  9    Int:  5    God:
Gold:   128        SH: 10    Dex: 10    Spells: 0 memorised, 6 levels left

rFire  . . .     SeeInvis .     l - +3 flail (protect)
rCold  . . .     Gourm    +     b - +0 scale mail
rNeg   . . .     Faith    .     c - +0 shield
rPois  .         Spirit   .     (helmet restricted)
rElec  .         Dismiss  .     (no cloak)
rCorr  .         Reflect  .     p - +0 pair of gloves
SustAt .         Harm     .     (no boots)
MR     .....                    g - amulet of the gourmand
Stlth  ..........               (no ring)
                                (no ring)

@: not resistant to hostile enchantments, extremely unstealthy
A: retaliatory headbutt, horns 2
a: no special abilities


You were on level 4 of the Dungeon.
You were very full.

You visited 1 branch of the dungeon, and saw 4 of its levels.

You collected 128 gold pieces.

Inventory:

Hand Weapons
 a - a +1 long sword
 l - a +3 flail of protection (weapon)
Armour
 b - a +0 scale mail (worn)
 c - a +0 shield (worn)
 k - a +0 scale mail
 n - a +0 cloak of magic resistance
 p - a +0 pair of gloves (worn)
Jewellery
 g - an amulet of the gourmand (around neck)
Scrolls
 i - 2 scrolls of identify
 j - a scroll of blinking
Potions
 d - a potion of magic
Comestibles
 f - 4 bread rations
 h - a meat ration
 o - 2 beef jerkies


   Skills:
 + Level 4.6 Fighting
 + Level 3.7 Long Blades
 + Level 5.9 Armour
 + Level 3.0 Dodging
 + Level 0.5 Stealth
 + Level 6.1 Shields


You had 6 spell levels left.
You didn't know any spells.

Dungeon Overview and Level Annotations

Branches:
Dungeon (4/15)
 Temple: D:4-7

Altars:

Annotations:
D:4 thewizardguy's ghost, amateur MiBe


Innate Abilities, Weirdness & Mutations

You reflexively headbutt those who attack you in melee.
You have a pair of horns on your head.


Message History

* * * LOW HITPOINT WARNING * * *
You hit thewizardguy's ghost. You headbutt thewizardguy's ghost.
Thewizardguy's ghost is heavily damaged.
Thewizardguy's ghost hits you but does no damage.
Thewizardguy's ghost misses you. You furiously retaliate!
You headbutt thewizardguy's ghost. You barely miss thewizardguy's ghost.
Thewizardguy's ghost is heavily damaged.
You feel sick.
You are no longer poisoned.
Thewizardguy's ghost misses you.
You hit thewizardguy's ghost but do no damage.
You headbutt thewizardguy's ghost!
Thewizardguy's ghost is severely damaged.
Thewizardguy's ghost hits you.
* * * LOW HITPOINT WARNING * * *
Thewizardguy's ghost hits you.
* * * LOW HITPOINT WARNING * * *
You are electrocuted!
You die...

#.# #.# .# #.# .#
#.# .##.
.######.###....
.>.........W# #
............##.
#.##########.#......
#.W@.........#.#.###
##############.#.#
#..#.
#########.###.# #.
#......^.## ##. #.#
#.#######.###.#
#..#### #.# #..#..#
#..<.# #.# #.#.#.#
#..##.# ##.##
###.#.#.#


You could see thewizardguy's ghost.

Vanquished Creatures
  Sigmund (D:2)
  A scorpion (D:4)
  A hound (D:4)
  Ijyb (D:2)
  Natasha (thrice) (D:2)
  Terence (D:3)
  3 gnolls (D:3)
  4 adders
  2 oozes
  2 worms
  3 dart slugs (D:1)
  4 giant geckos
  An orc (D:3)
  A giant cockroach (D:2)
  8 goblins
  8 hobgoblins
  7 jackals (D:1)
  6 kobolds
  3 quokkas
  A ball python (D:3)
  7 bats
  4 giant newts
  6 rats
78 creatures vanquished.

Notes
Turn   | Place    | Note
--------------------------------------------------------------
     0 | D:1      | thewizardguy the Minotaur Fighter began the quest for the Orb.
     0 | D:1      | Reached XP level 1. HP: 19/19 MP: 0/0
    39 | D:1      | Reached XP level 2. HP: 8/27 MP: 1/1
   294 | D:1      | Reached skill level 4 in Shields
   339 | D:1      | Reached XP level 3. HP: 33/33 MP: 2/2
   483 | D:1      | You fall through a shaft!
   492 | D:2      | Noticed Natasha
   496 | D:2      | Killed Natasha
   496 | D:2      | Reached skill level 1 in Dodging
   606 | D:2      | Noticed Natasha
   615 | D:2      | Killed Natasha
   615 | D:2      | Reached XP level 4. HP: 21/40 MP: 3/3
   752 | D:2      | Noticed Terence
  1004 | D:1      | Reached skill level 5 in Shields
  1430 | D:2      | Noticed Ijyb
  1445 | D:2      | Killed Ijyb
  1467 | D:2      | Noticed Natasha
  1473 | D:2      | Killed Natasha
  1473 | D:2      | Reached XP level 5. HP: 36/46 MP: 4/4
  1708 | D:2      | Noticed Sigmund
  1723 | D:2      | Killed Sigmund
  1723 | D:2      | Reached skill level 5 in Armour
  1723 | D:2      | Reached XP level 6. HP: 31/52 MP: 5/5
  3945 | D:4      | Reached skill level 6 in Shields
  4036 | D:4      | Noticed thewizardguy's ghost (amateur MiBe)
  4051 | D:3      | Killed Terence
  4051 | D:3      | Reached XP level 7. HP: 50/60 MP: 6/6
  4064 | D:4      | Mangled by thewizardguy's ghost

Skill      XL: |  1  2  3  4  5  6 |
---------------+-------------------+-----
Armour         | 4 5 |  5.9
Shields        | 4 5 6 |  6.1
Fighting       | 4 |  4.6
Dodging        | 1 2 3 |  3.0
Long Blades    | 3 |  3.7
Stealth        | |  0.5

Action                   |  1- 3 |  4- 6 |  7- 9 || total
-------------------------+-------+-------+-------++-------
Melee: Long sword        |    71 |    82 |       ||   153
       Headbutt          |    10 |    27 |     3 ||    40
       Flail             |       |    73 |     7 ||    80
  Use: Potion            |     1 |     2 |       ||     3
       Scroll            |       |     7 |       ||     7
  Eat: Meat ration       |       |     1 |       ||     1
       Chunk             |       |    16 |       ||    16
Armor: Scale mail        |    66 |    56 |     2 ||   124
Dodge: Dodged            |    32 |    54 |     3 ||    89
Block: Shield            |    60 |    86 |     2 ||   148
